 Dungeon Crawl Stone Soup version 0.26-a0-1181-gd376ed14c5 (webtiles) character file.

Game seed: 1892391840738253830

3753 Azzok the Cleaver (level 9, -5/68 HPs)
             Began as a Demonspawn Berserker on Dec 26, 2020.
             Was an Elder of Trog.
             Slain by a wyvern (9 damage)
             ... on level 8 of the Dungeon.
             The game lasted 00:11:11 (8860 turns).

Azzok the Cleaver (Demonspawn Berserker)            Turns: 8860, Time: 00:11:11

Health: -5/68      AC: 13    Str: 20    XL:     9   Next: 93%
Magic:  0/9        EV: 26    Int: 10    God:    Trog [****..]
Gold:   304        SH:  0    Dex: 12    Spells: 8/8 levels left

rFire    . . .     SeeInvis +   l - +3 dagger (venom)
rCold    . . .     Faith    .   (no shield)
rNeg     . . .     Spirit   +   D - +1 scale mail
rPois    +         Reflect  .   (no helmet)
rElec    .         Harm     .   y - +0 cloak
rCorr    .         Rampage  .   (no gloves)
Will     .....                  (no boots)
Stlth    ..........             g - amulet of the acrobat
HPRegen  0.21/turn              j - ring of see invisible
MPRegen  0.22/turn              k - ring of poison resistance

@: berserk cooldown, acrobat, slowed, very slow
A: iridescent scales 2, powered by death 1, magic shield, magic regeneration,
magic link
a: Renounce Religion, Berserk, Trog's Hand, Brothers in Arms


You were on level 8 of the Dungeon.
You worshipped Trog.
Trog was greatly pleased with you.
You visited 1 branch of the dungeon, and saw 8 of its levels.

You collected 375 gold pieces.
You spent 71 gold pieces at shops.

Inventory:

Hand Weapons
 l - a +3 dagger of venom (weapon)
 E - a +0 war axe
Missiles
 v - 2 throwing nets
Armour
 y - a +0 cloak (worn)
 D - a +1 scale mail (worn)
Jewellery
 g - an amulet of the acrobat (around neck)
 j - a ring of see invisible (left hand)
 k - a ring of poison resistance (right hand)
Wands
 r - a wand of flame (19)
 t - a wand of random effects (15)
Scrolls
 b - 2 scrolls of magic mapping
 c - 6 scrolls of teleportation
 d - a scroll of immolation
 h - 2 scrolls of enchant armour
 n - a scroll of enchant weapon
 s - 2 scrolls of remove curse
 u - a scroll of amnesia {unknown}
 w - a scroll of noise {unknown}
 A - a scroll of blinking {unknown}
 C - 2 scrolls of fear
Potions
 a - a potion of resistance {unknown}
 e - 2 potions of heal wounds
 f - 3 potions of berserk rage
 i - a potion of mutation {!q}
 m - 2 potions of attraction
 o - a potion of lignification
 p - 4 potions of curing
 q - a potion of magic
 x - a potion of might {unknown}
 z - a potion of invisibility {unknown}
 B - a potion of haste {unknown}


   Skills:
 - Level 5.1 Fighting
 + Level 11.5 Axes
 - Level 4.1 Armour
 - Level 4.1 Dodging


You had 8 spell levels left.
You didn't know any spells.
Your spell library was empty.

Dungeon Overview and Level Annotations

Branches:
Dungeon (8/15)             Temple (0/1) D:7
   Lair: D:8-11

Altars:
Dithmenos
Elyvilon
Gozag
Makhleb
Okawaru
Sif Muna
Trog
Vehumet
Xom
The Shining One

Shops:
D:6 *


Innate Abilities, Weirdness & Mutations

You are mostly covered in iridescent scales. (AC +4)
You regenerate a little health from kills.
When hurt, damage is shared between your health and your magic reserves.
You regenerate magic rapidly.
When low on magic, you restore magic in place of health.


Message History

The wyvern bites you but does no damage. x2
You hit the wyvern.
The wyvern looks as sick as possible!
The wyvern is lightly wounded.
The wyvern bites you!
* * * LOW HITPOINT WARNING * * *
The wyvern barely misses you.
You hit the wyvern.
The wyvern looks as sick as possible!
The wyvern is moderately wounded.
The wyvern bites you.
* * * LOW MAGIC WARNING * * *;
* * * LOW HITPOINT WARNING * * *
The wyvern bites you.
* * * LOW MAGIC WARNING * * *;
* * * LOW HITPOINT WARNING * * *
The wyvern bites you.
* * * LOW HITPOINT WARNING * * *
The wyvern closely misses you. The wyvern closely misses you.
The wyvern misses you. The wyvern closely misses you. The wyvern bites you!
* * * LOW MAGIC WARNING * * *
You die...

· ▒·····<·▒
···▒▒▒·······▒ ▒·
·············▒ ▒·▒
▒·▒▒▒·······▒ ··
▒▒▒†▒▒▒▒▒▒▒ ▒< ▒·▒·▒
▒·▒ ▒·▒·▒ ▒·· ▒·▒l▒ ▒·
▒·▒@▒▒▒▒▒▒▒ ▒·
▒(········▒ ▒▒▒
▒·▒▒▒▒▒▒▒·▒▒▒▒▒▒▒▒··
▒▒▒·······▒·······▒▒·▒
▒····▒▒▒▒·▒·······▒▒·▒
▒·▒▒·············†···▒
▒·▒▒·▒▒▒··▒·······▒▒▒▒
▒·▒▒·▒ ▒··▒·······▒
▒·▒▒▒▒ ▒··········▒


You could see a wyvern (very poisoned).

Vanquished Creatures
  A two-headed ogre (D:8)
  A wyvern (D:8)
  3 yaks (D:8)
  2 water moccasins
  3 sky beasts
  2 phantoms
  5 ogres
  A centaur (D:5)
  2 bullfrogs (D:7)
  2 scorpions (D:6)
  A vampire bat (D:5)
  A howler monkey (D:4)
  A centaur zombie (D:5)
  A bullfrog zombie (D:8)
  3 hounds
  3 jellies
  A bullfrog skeleton (D:6)
  4 orc priests (D:6)
  4 orc wizards (D:6)
  Natasha (thrice) (D:2)
  5 worker ants
  A hound skeleton (D:4)
  9 gnolls
  7 adders
  A shadow imp (D:6)
  2 white imps
  An ufetubus (D:8)
  An ooze (D:4)
  An adder zombie (D:5)
  2 adder skeletons
  2 worms
  3 fire bats (D:5)
  9 leopard geckos
  12 orcs
  2 spectral bats (D:5)
  3 bat skeletons (D:5)
  A bat zombie (D:5)
  8 giant cockroaches
  2 goblins
  7 hobgoblins
  13 jackals
  6 kobolds
  A quokka (D:3)
  16 bats
  A bat simulacrum (D:5)
  6 frilled lizards
  A quokka skeleton (D:4)
  A quokka zombie (D:5)
  9 rats
177 creatures vanquished.

Vanquished Creatures (others)
  2 bushes (D:8)
  7 fungi (D:8)
  24 plants (D:8)
33 creatures vanquished.

Grand Total: 210 creatures vanquished

Notes
Turn   | Place    | Note
-------+----------+-------------------------------------------
     0 | D:1      | Azzok the Demonspawn Berserker began the quest for the Orb.
     0 | D:1      | Reached XP level 1. HP: 18/18 MP: 1/1
   403 | D:1      | Gained mutation: You are partially covered in iridescent
                  | scales. (AC +2) [demonic ancestry]
   403 | D:1      | Reached XP level 2. HP: 23/24 MP: 2/2
   434 | D:1      | Reached skill level 3 in Axes
   910 | D:1      | Gained mutation: When hurt, damage is shared between your
                  | health and your magic reserves. [demonic ancestry]
   910 | D:1      | Reached XP level 3. HP: 19/29 MP: 3/3
  1286 | D:2      | Reached ** piety under Trog
  1451 | D:2      | Found a white marble altar of Elyvilon.
  1519 | D:2      | Noticed Natasha
  1526 | D:2      | Killed Natasha
  1527 | D:2      | Reached XP level 4. HP: 35/35 MP: 2/4
  1663 | D:2      | Noticed Natasha
  1675 | D:2      | Killed Natasha
  1676 | D:2      | Reached skill level 4 in Axes
  1676 | D:2      | Gained mutation: You regenerate magic rapidly. [demonic
                  | ancestry]
  1676 | D:2      | Reached XP level 5. HP: 21/42 MP: 3/5
  1831 | D:2      | Found a shimmering altar of Xom.
  1933 | D:2      | Noticed Natasha
  1946 | D:2      | Killed Natasha
  2732 | D:3      | Noticed an ogre
  2739 | D:3      | Killed an ogre
  2740 | D:3      | Gained mutation: When low on magic, you restore magic in
                  | place of health. [demonic ancestry]
  2740 | D:3      | Reached XP level 6. HP: 32/48 MP: 1/6
  3512 | D:4      | Noticed a sky beast
  3533 | D:4      | Killed a sky beast
  3673 | D:4      | Reached skill level 5 in Axes
  3767 | D:4      | Found a shimmering blue altar of Sif Muna.
  3842 | D:4      | Gained mutation: You are mostly covered in iridescent
                  | scales. (AC +4) [demonic ancestry]
  3842 | D:4      | Reached XP level 7. HP: 35/55 MP: 3/7
  3846 | D:4      | Reached *** piety under Trog
  4437 | D:5      | Entered Level 5 of the Dungeon
  4917 | D:5      | Found an iron altar of Okawaru.
  5378 | D:5      | Noticed a moth of wrath
  5380 | D:5      | Found a bloodstained altar of Trog.
  5443 | D:5      | Found a radiant altar of Vehumet.
  5533 | D:5      | Reached skill level 5 in Fighting
  5569 | D:5      | Reached **** piety under Trog
  5750 | D:5      | Reached skill level 6 in Axes
  5750 | D:5      | Gained mutation: You regenerate a little health from kills.
                  | [demonic ancestry]
  5750 | D:5      | Reached XP level 8. HP: 62/62 MP: 8/8
  6129 | D:6      | Found a burning altar of Makhleb.
  6334 | D:6      | Found a glowing golden altar of the Shining One.
  6500 | D:6      | Reached skill level 7 in Axes
  6793 | D:6      | Reached skill level 8 in Axes
  7141 | D:6      | Found Olo Ynuu's General Store.
  7149 | D:6      | Bought a potion of degeneration for 11 gold pieces
  7149 | D:6      | Bought a scroll of identify for 22 gold pieces
  7149 | D:6      | Bought a scroll of fear for 38 gold pieces
  7663 | D:7      | Found a shadowy altar of Dithmenos.
  7663 | D:7      | Found an iron altar of Okawaru.
  7779 | D:7      | Reached skill level 9 in Axes
  7779 | D:7      | Reached XP level 9. HP: 48/68 MP: 9/9
  7891 | D:7      | Found a staircase to the Ecumenical Temple.
  8237 | D:7      | Found an opulent altar of Gozag.
  8461 | D:8      | Noticed a two-headed ogre
  8482 | D:8      | Killed a two-headed ogre
  8483 | D:8      | Reached skill level 10 in Axes
  8823 | D:8      | Reached skill level 11 in Axes
  8860 | D:8      | Slain by a wyvern

Illustrated notes

Levels and vault maps discovered:
D:1:      dpeg_arrival_refuge, layout_basic, serial_bayou_pond_d,
          minmay_tromino_v4_b
D:2:      layout_loops_ring, elyvilon_altar_4, serial_glass, glass_columns_c,
          glass_columns_b, glass_columns_c, glass_columns_a, kennysheep_doodads,
          minmay_misc_feat_hallway, tgw_xom, uniq_natasha
D:3:      layout_basic
D:4:      layout_rooms, kennysheep_little_box
D:5:      layout_loops_ring, fiery_altar_vehumet, tgw_trog, basic_altar,
          goddamned_bats
D:6:      layout_loops_cross, nicolae_overflow_crystal_walls, tso_metal_star,
          serial_shops, nicolae_shop_trees
D:7:      layout_loops_ring, gammafunk_temple_overflow_pools,
          old_standard_altar, minmay_temple_entry_junction_2
D:8:      layout_basic, general_overflow_altar, minmay_lair_entry_grove,
          serial_shops, nicolae_shop_stone

Skill      XL: |  1  2  3  4  5  6  7  8  9 |
---------------+----------------------------+-----
Axes           | 3 4 5 6 9 11 | 11.5
Armour         | 2 3 4 |  4.1
Dodging        | 2 3 4 |  4.1
Fighting       | 4 5 |  5.1

Action                   |  1- 3 |  4- 6 |  7- 9 || total
-------------------------+-------+-------+-------++-------
Melee: Hand axe          |   131 |   182 |   349 ||   662
       Dagger            |       |       |   224 ||   224
Invok: Berserk           |     1 |     4 |     6 ||    11
       Trog's Hand       |       |       |     1 ||     1
  Use: Scroll            |       |       |    15 ||    15
 Stab: Sleeping          |     1 |       |       ||     1
Armor: Animal skin       |    37 |       |       ||    37
       Ring mail         |    24 |    82 |   124 ||   230
       Scale mail        |       |       |   139 ||   139
Dodge: Dodged            |   125 |   125 |   388 ||   638

Table legend: (Time is in decaauts)
 A = Elapsed time spent in this place.
 B = Non-inter-level travel time spent in this place.
 C = Inter-level travel time spent in this place.
 D = Time resting spent in this place.
 E = Time spent auto-exploring this place.
 F = Levels seen in this place.
 G = Mean time per level.
                   A        B        C        D        E       F      G
               +--------+--------+--------+--------+--------+-----+--------+
         Total |   9001 |   8819 |    182 |   1236 |   5815 |   8 | 1125.1 |
       Dungeon |   9001 |   8819 |    182 |   1236 |   5815 |   8 | 1125.1 |
               +--------+--------+--------+--------+--------+-----+--------+

Top non-repeatable levels by time:
     D:5: 1550 daAuts
     D:6: 1388 daAuts
     D:2: 1266 daAuts
     D:1: 1263 daAuts
     D:3: 1113 daAuts
     D:7: 1033 daAuts
     D:4: 909 daAuts
     D:8: 476 daAuts
